 Dungeon Crawl Stone Soup version 0.30-a0-465-g8901f6c8b5 (webtiles) character file.

Game seed: 9794856145742861144

3348 gelatine the Cleaver (level 9, -1/68 HPs)
             Began as a Demonspawn Fighter on Dec 18, 2022.
             Was an Initiate of Gozag.
             Slain by a troll (3 damage)
             ... on level 9 of the Dungeon.
             The game lasted 00:19:04 (8211 turns).

gelatine the Cleaver (Demonspawn Fighter)           Turns: 8211, Time: 00:19:05

Health: -1/68      AC: 14    Str: 28    XL:     9   Next: 72%
Magic:  9/9        EV: 12    Int:  8    God:    Gozag
Gold:   1227       SH: 17    Dex: 11    Spells: 8/8 levels left

rFire   + . .      SeeInvis +    S - +0 broad axe
rCold   . . .      Faith    .    c - +0 buckler
rNeg    . . .      Spirit   .    s - +3 leather armour
rPois   .          Reflect  .    y - +2 hat
rElec   .          Harm     +    J - +1 cloak of the Falcon {Contam Harm Will+}
rCorr   .          Rampage  .    v - +0 pair of gloves
Will    +....                    g - +1 pair of boots
Stlth   +.........               (no amulet)
HPRegen 0.31/turn                l - ring of see invisible
MPRegen 0.11/turn                x - ring of protection from fire

@: no status effects
A: large bone plates 3, powered by pain 2, condensation shield, strong 2
a: Renounce Religion, Potion Petition, Call Merchant, Bribe Branch


You were on level 9 of the Dungeon.
You worshipped Gozag.
Gozag was most pleased with you.
You visited 2 branches of the dungeon, and saw 10 of its levels.

You collected 1516 gold pieces.
You spent 289 gold pieces at shops.

Inventory:

Hand Weapons
 a - a +0 war axe
 S - a +0 broad axe (weapon)
Missiles
 m - 24 poisoned darts
 q - 9 boomerangs (quivered)
 O - 2 curare-tipped darts
 T - 3 javelins
Armour
 b - a +0 scale mail
 c - a +0 buckler (worn)
 g - a +1 pair of boots (worn)
 s - a +3 leather armour (worn)
 v - a +0 pair of gloves (worn)
 w - a +0 cloak
 y - a +2 hat (worn)
 J - the +1 cloak of the Falcon (worn) {Contam Harm Will+}
   (You found it on level 7 of the Dungeon)

   Contam:    It causes magical contamination when unequipped.
   Harm:      It increases damage dealt and taken.
   Will:      It increases your willpower.
 M - an orb of light
Jewellery
 k - a ring of ice
 l - a ring of see invisible (left hand)
 o - a +6 ring of intelligence
 x - a ring of protection from fire (right hand)
 I - a ring of protection from cold
 L - an amulet of magic regeneration
Wands
 n - a wand of flame (24)
 F - a wand of light (14)
 G - a wand of charming (3)
 R - a wand of roots (8)
Scrolls
 f - a scroll of amnesia
 h - 2 scrolls of vulnerability
 j - 2 scrolls of teleportation
 p - a scroll of immolation {unknown}
 z - 3 scrolls of magic mapping {unknown}
 A - a scroll of blinking {unknown}
 B - a scroll of fear {unknown}
 D - 2 scrolls of noise {unknown}
 E - 2 scrolls of enchant weapon {unknown}
 K - a scroll of torment {unknown}
 U - 2 scrolls of identify
Potions
 d - a potion of haste
 e - a potion of cancellation
 i - a potion of lignification {unknown}
 r - 2 potions of ambrosia
 t - 5 potions of brilliance
 u - 3 potions of flight
 C - 3 potions of resistance
 H - a potion of attraction {unknown}
 N - a potion of mutation
 P - a potion of magic {unknown}
 Q - a potion of invisibility {unknown}


   Skills:
 * Level 5.5 Fighting
 * Level 8.3 Axes
 * Level 5.1 Armour
 * Level 4.4 Dodging
 + Level 0.9 Stealth
 * Level 6.4 Shields


You had 8 spell levels left.
You didn't know any spells.
Your spell library contained the following spells:

 Spells                   Type           Power      Damage    Failure   Level
 Kiss of Death            Conj/Necr      0%         2d5       52%         1
 Static Discharge         Conj/Air       0%         2-2/arc   67%         2
 Sublimation of Blood     Necr           0%         N/A       67%         2
 Wereblood                Tmut           0%         N/A       67%         2
 Confusing Touch          Hex            0%         N/A       88%         3
 Dazzling Flash           Conj/Hex       0%         N/A       88%         3
 Summon Guardian Golem    Hex/Summ       0%         N/A       88%         3
 Vhi's Electric Charge    Tloc/Air       0%         N/A       88%         3
 Dispel Undead            Necr           0%         3d6       99%         4
 Agony                    Necr           0%         N/A       100%        5
 Arcjolt                  Conj/Air       0%         1d10      100%        5
 Fireball                 Conj/Fire      0%         3d3       100%        5
 Iskenderun's Battlesphe  Conj           0%         2d6       100%        5
 Lightning Bolt           Conj/Air       0%         1d11      100%        5
 Silence                  Hex/Air        0%         N/A       100%        5
 Conjure Ball Lightning   Conj/Air       0%         3x3d7     100%        6
 Orb of Destruction       Conj           0%         9d5       100%        7
 Spellforged Servitor     Conj/Summ      0%         N/A       100%        7
 Summon Hydra             Summ           0%         N/A       100%        7


Dungeon Overview and Level Annotations

Branches:
Dungeon (9/15)             Temple (1/1) D:4
   Lair: D:8-11         Orc: D:9-12

Altars:
Ashenzari
Cheibriados
Dithmenos
Fedhas
Gozag
Hepliaklqana
Kikubaaqudgha
Makhleb
Nemelex Xobeh
Okawaru
Qazlal
Ru
Sif Muna
Trog
Uskayaw
Vehumet
Wu Jian
Xom
Yredelemnul

Shops:
D:5 *


Innate Abilities, Weirdness & Mutations

You are completely covered in large bone plates. (SH +8)
You sometimes gain power by taking damage.
A meltable shield of frost defends you. (SH +4)
Your muscles are very strong. (Str +8, Int/Dex -2)


Message History

Things that are here:
a +0 halberd; +0 steam dragon scales
D - 2 scrolls labelled JIABUR HISUGO (gained 1)
Your icy envelope is restored.
A troll comes into view.
The troll shouts!
You hear a shout!
A centaur comes into view.
Found a book of Winter.
The centaur wields a +0 shortbow.
The centaur shoots an arrow.
You block the arrow.
The centaur shoots an arrow.
The arrow hits you but does no damage.
The centaur shoots an arrow.
You block the arrow. The troll barely misses you. The troll claws you.
You block the troll's attack.
You closely miss the troll.
The centaur shoots an arrow.
You block the arrow. The troll bites you! You block the troll's attack. x2
The centaur shoots an arrow.
The arrow hits you.
You barely miss the troll.
The centaur shoots an arrow.
You block the arrow. The troll bites you. You block the troll's attack. x2
The centaur shoots an arrow.
The arrow closely misses you.
You barely miss the troll.
The centaur shoots an arrow.
You block the arrow. You block the troll's attack. The troll misses you.
The troll closely misses you.
The centaur shoots an arrow.
The arrow closely misses you. You block the troll's attack.
The troll claws you! The troll misses you.
You hit the troll but do no damage.
The centaur shoots an arrow.
You block the arrow.
You block the troll's attack. x2; The troll claws you!
The centaur shoots an arrow.
You block the arrow.
You completely miss the troll.
The centaur shoots an arrow.
You block the arrow. The troll misses you. You block the troll's attack.
The troll claws you.
* * * LOW HITPOINT WARNING * * *
The centaur shoots an arrow.
The arrow hits you but does no damage.
You closely miss the troll.
The centaur shoots an arrow.
You block the arrow. You block the troll's attack.
The troll closely misses you. The troll misses you.
The centaur shoots an arrow.
The arrow hits you!
* * * LOW HITPOINT WARNING * * *
The troll completely misses you. The troll claws you.
* * * LOW HITPOINT WARNING * * *
The troll claws you.
You die...
Your body crumbles into a pile of gold.

##.# ... ...## ####..#
...# #...###.>...##
....####............###
...........######.....##
..........# ##......
..........# #...###
#........# #..##
#...T@..## #..#
#........## #..#
##...###..## #..# ##c:
##..#####.)# ##.
###..##...# ##
##......## ##......##
###.....## #####..#


You could see a troll and a centaur.

Vanquished Creatures
  Maggie (D:9)
  Sigmund (D:3)
  A steam dragon (D:8)
  3 water moccasins (D:8)
  An ice beast (D:6)
  A sky beast (D:6)
  An orc warrior (D:9)
  2 ogres
  3 centaurs
  A phantom (D:7)
  2 kobold brigands
  Blork the orc (D:5)
  A bullfrog (D:8)
  2 necrophages
  4 scorpions
  3 wights (D:8)
  A howler monkey (D:5)
  An electric eel (D:7)
  2 hounds
  Crazy Yiuf (D:5)
  2 jellies (D:5)
  3 orc priests
  5 iguanas
  Terence (D:3)
  4 orc wizards
  Natasha (thrice) (D:2)
  8 gnolls
  13 adders
  2 white imps (D:5)
  A dart slug (D:3)
  20 orcs
  7 ball pythons
  5 bats
  9 endoplasms
  8 goblins
  6 hobgoblins
  4 jackals (D:2)
  6 quokkas
  10 frilled lizards
  19 kobolds
  5 rats
  A bush (D:2)
175 creatures vanquished.

Vanquished Creatures (others)
  14 plants (D:2)
14 creatures vanquished.

Grand Total: 189 creatures vanquished

Notes
Turn   | Place    | Note
-------+----------+-------------------------------------------
     0 | D:1      | gelatine the Demonspawn Fighter began the quest for the
                  | Orb.
     0 | D:1      | Reached XP level 1. HP: 18/18 MP: 1/1
   126 | D:1      | Found a faded altar of an unknown god.
   138 | D:1      | Gained mutation: A meltable shield of frost defends you.
                  | (SH +4) [demonic ancestry]
   138 | D:1      | Reached XP level 2. HP: 22/24 MP: 2/2
   139 | D:1      | Prayed at the altar of an unknown god.
   139 | D:1      | Became a worshipper of Gozag Ym Sagoz the Greedy
   720 | D:2      | Found an opulent altar of Gozag.
   776 | D:2      | Reached XP level 3. HP: 28/29 MP: 3/3
   847 | D:2      | Reached skill level 2 in Axes
   897 | D:2      | Reached skill level 1 in Dodging
  1320 | D:2      | Noticed Natasha
  1325 | D:2      | Killed Natasha
  1326 | D:2      | Reached XP level 4. HP: 35/35 MP: 4/4
  1462 | D:2      | Noticed Natasha
  1474 | D:2      | Killed Natasha
  1535 | D:2      | Noticed Natasha
  1542 | D:2      | Killed Natasha
  1543 | D:2      | Reached skill level 3 in Axes
  1543 | D:2      | Gained mutation: You are partially covered in large bone
                  | plates. (SH +4) [demonic ancestry]
  1543 | D:2      | Reached XP level 5. HP: 29/42 MP: 5/5
  1727 | D:3      | Noticed Terence
  1741 | D:3      | Killed Terence
  1846 | D:3      | Noticed Sigmund
  1881 | D:3      | Killed Sigmund
  1882 | D:3      | Gained mutation: You sometimes gain a little power by
                  | taking damage. [demonic ancestry]
  1882 | D:3      | Reached XP level 6. HP: 5/48 MP: 6/6
  2778 | D:4      | Reached skill level 4 in Axes
  2953 | D:4      | Found a staircase to the Ecumenical Temple.
  2983 | Temple   | Entered the Ecumenical Temple
  3490 | D:4      | Reached XP level 7. HP: 33/53 MP: 7/7
  3721 | D:5      | Entered Level 5 of the Dungeon
  3744 | D:5      | Noticed Blork the orc
  3759 | D:5      | Killed Blork the orc
  3808 | D:5      | Found a burning altar of Makhleb.
  3854 | D:5      | Reached skill level 5 in Axes
  4313 | D:5      | Found Vozydauc's Assorted Antiques.
  4335 | D:5      | Gained mutation: You are mostly covered in large bone
                  | plates. (SH +6) [demonic ancestry]
  4335 | D:5      | Reached XP level 8. HP: 57/61 MP: 8/8
  4342 | D:5      | Bought a runed hat for 147 gold pieces
  4342 | D:5      | Bought a scroll labelled SOOVOREQYO for 21 gold pieces
  4342 | D:5      | Bought a scroll labelled INYODU ZILIUCU for 21 gold pieces
  4342 | D:5      | Bought a scroll labelled AMUYRU RARGHIV for 21 gold pieces
  4342 | D:5      | Bought a scroll labelled DEARRU JICHE for 21 gold pieces
  4342 | D:5      | Bought 2 fuming sapphire potions for 37 gold pieces
  4342 | D:5      | Bought a scroll labelled JIABUR HISUGO for 21 gold pieces
  4353 | D:5      | Gained mutation: You are completely covered in large bone
                  | plates. (SH +8) [potion of mutation]
  4353 | D:5      | Gained mutation: Your muscles are strong. (Str +4, Int/Dex
                  | -1) [potion of mutation]
  4353 | D:5      | Gained mutation: Your muscles are very strong. (Str +8,
                  | Int/Dex -2) [potion of mutation]
  4733 | D:5      | Found a runed translucent door.
  4734 | D:5      | Noticed Crazy Yiuf
  4742 | D:5      | Killed Crazy Yiuf
  4937 | D:5      | Reached skill level 6 in Axes
  5440 | D:6      | Reached skill level 5 in Shields
  5666 | D:6      | Found an iron altar of Okawaru.
  5993 | D:6      | Reached skill level 7 in Axes
  6446 | D:7      | Identified the +1 cloak of the Falcon {Contam Harm Will+}
  6482 | D:7      | Found a shimmering blue altar of Sif Muna.
  6609 | D:7      | Reached skill level 5 in Fighting
  6609 | D:7      | Gained mutation: You sometimes gain power by taking damage.
                  | [demonic ancestry]
  6609 | D:7      | Reached XP level 9. HP: 68/68 MP: 9/9
  6724 | D:7      | Found a basalt altar of Yredelemnul.
  7557 | D:8      | Reached skill level 8 in Axes
  7557 | D:8      | Reached skill level 5 in Armour
  8079 | D:9      | Found a hide-covered altar of Uskayaw.
  8113 | D:9      | Noticed Maggie
  8124 | D:9      | Killed Maggie
  8202 | D:9      | Noticed a troll
  8211 | D:9      | HP: 2/68 [troll (7)]
  8211 | D:9      | Slain by a troll

Illustrated notes

Levels and vault maps discovered:
D:1:      dpeg_arrival_fog, layout_basic, nicolae_ecumenical_snake_handling,
          feat_on_display
D:2:      layout_loops_cross, basic_altar, serial_forest,
          infiniplex_forest_clump_small, infiniplex_forest_lined_3,
          infiniplex_forest_clump_curved, infiniplex_forest_end_1,
          infiniplex_forest_clump_tiny, infiniplex_forest_end_double,
          minmay_lizard_king, uniq_natasha
D:3:      wad_pebble_path, layout_basic, uniq_terence, uniq_sigmund
D:4:      minmay_bubble_buster, layout_basic, minmay_temple_entry_butterflies
D:5:      layout_layer_cave, bloody_makhleb, serial_shops, shop, st_stairs_5,
          uniq_crazy_yiuf_cottage, uniq_blork_the_orc
D:6:      layout_loops_ring, kennysheep_little_box, kennysheep_flooded_box
D:7:      layout_basic, amcnicky_altar_gilded, nicolae_sif_muna_condensation,
          nicolae_kite_square_tiling_tiny
D:8:      layout_loops_ring
D:9:      layout_layer_cave, mainiacjoe_overflow_brackets, david_lair_shrubbed,
          uniq_maggie
Temple:   sentei_temple_godly_chess

Skill      XL: |  1  2  3  4  5  6  7  8  9 |
---------------+----------------------------+-----
Armour         | 3 4 5 |  5.1
Axes           | 2 3 4 5 7 8 |  8.3
Dodging        | 1 2 3 4 |  4.4
Shields        | 3 4 5 6 |  6.4
Fighting       | 4 5 |  5.5
Stealth        | |  0.9

Action                   |  1- 3 |  4- 6 |  7- 9 || total
-------------------------+-------+-------+-------++-------
Melee: War axe           |   167 |   177 |   270 ||   614
       Broad axe         |       |       |   114 ||   114
  Use: Potion            |       |     3 |     1 ||     4
       Scroll            |       |       |    10 ||    10
 Stab: Distracted        |     1 |       |     2 ||     3
Armor: Scale mail        |    62 |    54 |       ||   116
       Leather armour    |       |    16 |    90 ||   106
Dodge: Dodged            |    67 |    52 |   120 ||   239
Block: Buckler           |    61 |   118 |   329 ||   508

Table legend: (Time is in decaauts)
 A = Elapsed time spent in this place.
 B = Non-inter-level travel time spent in this place.
 C = Inter-level travel time spent in this place.
 D = Time resting spent in this place.
 E = Time spent auto-exploring this place.
 F = Levels seen in this place.
 G = Mean time per level.
                   A        B        C        D        E       F      G
               +--------+--------+--------+--------+--------+-----+--------+
         Total |   8452 |   8159 |    293 |     37 |   6128 |  10 |  845.2 |
       Dungeon |   8444 |   8151 |    293 |     37 |   6126 |   9 |  938.2 |
        Temple |      7 |      7 |      0 |      0 |      2 |   1 |    7.0 |
               +--------+--------+--------+--------+--------+-----+--------+

Top non-repeatable levels by time:
     D:5: 1713 daAuts
     D:4: 1182 daAuts
     D:2: 1065 daAuts
     D:6: 1015 daAuts
     D:3: 872 daAuts
     D:1: 752 daAuts
     D:8: 727 daAuts
     D:9: 561 daAuts
     D:7: 552 daAuts
  Temple: 7 daAuts
